 Dungeon Crawl Stone Soup version 0.30-a0-1094-g860fb061e7 (webtiles) character file.

Game seed: 1171095735806027890

739 bibi the Trooper (level 8, 0/67 HPs)
             Began as a Human Fighter on Apr 17, 2023.
             Was an Initiate of Vehumet.
             Hit by a stone thrown by a kobold (2 damage)
             ... on level 7 of the Dungeon.
             The game lasted 00:38:16 (9562 turns).

bibi the Trooper (Human Fighter)                    Turns: 9562, Time: 00:38:17

Health: 0/67       AC:  6    Str: 17    XL:     8   Next: 4%
Magic:  6/8        EV: 10    Int: 12    God:    Vehumet [......]
Gold:   64         SH:  4    Dex: 13    Spells: 7/8 levels left

rFire   . . .      SeeInvis .    j - staff of cold
rCold   + . .      Faith    .    c - +0 buckler
rNeg    . . .      Spirit   .    n - +1 leather armour of a treasure trove {Int+2}
rPois   .          Reflect  .    (no helmet)
rElec   .          Rampage  .    (no cloak)
rCorr   +                        q - +1 pair of gloves
Will    .....                    (no boots)
Stlth   +                        (no amulet)
HPRegen 0.31/turn                e - ring of resist corrosion
MPRegen 0.11/turn                (no ring)

@: brilliant
A: no striking features
a: Renounce Religion


You were on level 7 of the Dungeon.
You worshipped Vehumet.
Vehumet was noncommittal.
You visited 2 branches of the dungeon, and saw 8 of its levels.

You collected 264 gold pieces.
You spent 200 gold pieces at shops.

Inventory:

Hand Weapons
 a - a +0 long sword
Armour
 c - a +0 buckler (worn)
 n - the +1 leather armour of a treasure trove (worn) {Int+2}
   (You found it on level 2 of the Dungeon)

   Int:       It affects your intelligence (+2).
 q - a +1 pair of gloves (worn)
Magical Staves
 j - a staff of cold (weapon)
Jewellery
 e - a ring of resist corrosion (left hand)
Scrolls
 p - a scroll of vulnerability
Potions
 g - 3 potions of attraction
 i - 2 potions of flight


   Skills:
 + Level 7.2 Fighting
 - Level 2.1 Long Blades
 + Level 4.3 Staves
 - Level 3.0 Armour
 + Level 0.6 Dodging
 - Level 3.0 Shields
 + Level 0.5 Spellcasting
 - Level 0.2 Conjurations
 * Level 1.0 Ice Magic


You had 7 spell levels left.
You knew the following spells:

 Your Spells              Type           Power      Damage    Failure   Level
a - Freeze                Ice            24%        1d4       32%         1

Your spell library contained the following spells:

 Spells                   Type           Power      Damage    Failure   Level
 Shock                    Conj/Air       0%         1d3       43%         1
 Apportation              Tloc           0%         N/A       45%         1
 Necrotise                Necr           0%         1d4       45%         1
 Slow                     Hex            0%         N/A       45%         1
 Summon Small Mammal      Summ           0%         N/A       45%         1
 Lesser Beckoning         Tloc           0%         N/A       58%         2
 Frozen Ramparts          Ice            12%        1d2       67%         3
 Hailstorm                Conj/Ice       4%         3d4       75%         3
 Confusing Touch          Hex            0%         N/A       83%         3
 Gell's Gravitas          Tloc           0%         N/A       83%         3
 Swiftness                Air            0%         N/A       83%         3
 Teleport Other           Tloc           0%         N/A       83%         3
 Vampiric Draining        Necr           0%         2d6       83%         3
 Airstrike                Air            0%         2d(0-16)  99%         4
 Agony                    Necr           0%         N/A       100%        5


Dungeon Overview and Level Annotations

Branches:
Dungeon (7/15)             Temple (1/1) D:5

Altars:
Dithmenos
Hepliaklqana
Kikubaaqudgha
Sif Muna
Vehumet
Yredelemnul
Zin
The Shining One

Shops:
D:6 :


Message History

a +0 dagger; a kobold corpse The kobold hits you with a +0 club.
* * * LOW HITPOINT WARNING * * *
The kobold brigand throws a poisoned dart.
The poisoned dart hits you!
You are poisoned.
The kobold attacks as you move away! The kobold hits you but does no damage.
* * * LOW HITPOINT WARNING * * *
You feel sick. You block the kobold's attack.
The kobold attacks as you move away! The kobold hits you but does no damage.
The kobold attacks as you move away! The kobold hits you but does no damage.
* * * LOW HITPOINT WARNING * * *
You feel sick.
Aiming: Freeze (safe; 32% risk of failure)
Press: ? - help, Q - select action Shift-Dir - straight line, f - kobold
Aim: a kobold, wielding a +0 dagger and quivering stones You feel a surge of power!
You freeze the kobold.
The kobold is moderately wounded.
* * * LOW HITPOINT WARNING * * *
You feel sick. The kobold hits you but does no damage.
You feel clever all of a sudden.
* * * LOW HITPOINT WARNING * * *
You feel sick. You block the kobold's attack.
Aiming: Freeze (safe; 32% risk of failure)
Press: ? - help, Q - select action Shift-Dir - straight line, f/p - kobold
Aim: a kobold, wielding a +0 dagger and quivering stones (moderately wounded)
You feel a strong surge of power!
You freeze the kobold.
The kobold is heavily wounded.
* * * LOW HITPOINT WARNING * * *
You feel sick. You block the kobold's attack.
* * * LOW HITPOINT WARNING * * *
You feel sick.
The kobold throws a stone.
You block the stone.
* * * LOW HITPOINT WARNING * * *
You feel sick.
You are no longer poisoned.
Press: ? - help, v - describe, . - travel
Here: a kobold, wielding a +0 dagger and quivering stones (heavily wounded)
The floor.
The kobold throws a stone.
The stone hits you.
You die...

#.#
###########..
#.#
#............
#.#
##)###########
#.###...#
#KK.KK..#
#K###Y..# #.#
##### #.# #@#
#.# #.. ####


You could see a kobold brigand and 2 kobolds.

Vanquished Creatures
  A phantom (D:5)
  Blork the orc (D:4)
  2 scorpions
  4 hounds
  3 jellies
  2 sleepcaps
  3 iguanas
  4 gnolls (D:5)
  2 adders
  A shadow imp (D:4)
  4 worms
  2 dart slugs
  8 orcs
  7 ball pythons
  6 endoplasms
  5 goblins
  3 hobgoblins
  4 jackals (D:2)
  3 quokkas
  3 bats
  3 frilled lizards
  4 kobolds
  7 rats
  A spectral kobold (D:3)
83 creatures vanquished.

Notes
Turn   | Place    | Note
-------+----------+-------------------------------------------
     0 | D:1      | bibi the Human Fighter began the quest for the Orb.
     0 | D:1      | Reached XP level 1. HP: 18/18 MP: 1/1
   432 | D:1      | Reached XP level 2. HP: 24/24 MP: 2/2
   976 | D:2      | Identified the +1 leather armour of a treasure trove
                  | {Int+2}
  1166 | D:2      | Reached XP level 3. HP: 6/30 MP: 3/3
  1168 | D:2      | Reached skill level 1 in Staves
  1921 | D:2      | Reached skill level 4 in Fighting
  2352 | D:3      | Found a shadowy altar of Dithmenos.
  2405 | D:3      | Reached XP level 4. HP: 37/37 MP: 4/4
  2412 | D:3      | Found a basalt altar of Yredelemnul.
  2884 | D:3      | Found a faded altar of an unknown god.
  3634 | D:4      | Noticed Blork the orc
  3656 | D:4      | Killed Blork the orc
  3657 | D:4      | Reached skill level 5 in Fighting
  3657 | D:4      | Reached XP level 5. HP: 33/44 MP: 5/5
  4012 | D:4      | Reached XP level 6. HP: 29/51 MP: 6/6
  4952 | D:5      | Entered Level 5 of the Dungeon
  5362 | D:4      | Reached skill level 6 in Fighting
  5709 | D:5      | Found an ancient bone altar of Kikubaaqudgha.
  5800 | D:5      | Found a staircase to the Ecumenical Temple.
  5811 | Temple   | Entered the Ecumenical Temple
  5826 | Temple   | Became a worshipper of Vehumet
  6569 | D:6      | Reached XP level 7. HP: 9/58 MP: 7/7
  7733 | D:5      | Reached skill level 7 in Fighting
  8882 | D:6      | Found Dawedoul's Book Shoppe.
  8886 | D:6      | Bought a book of Frost for 200 gold pieces
  8888 | D:6      | Learned a level 1 spell: Freeze
  9089 | D:6      | Noticed a vampire
  9170 | D:7      | Reached skill level 1 in Ice Magic
  9170 | D:7      | Reached XP level 8. HP: 32/67 MP: 6/8
  9523 | D:7      | HP: 3/67 [sky beast (6)]
  9556 | D:7      | HP: 3/67 [poisoned by a kobold brigand]
  9559 | D:7      | HP: 1/67 [poisoned by a kobold brigand]
  9562 | D:7      | Hit by a stone thrown by a kobold

Illustrated notes

Levels and vault maps discovered:
D:1:      evilmike_arrival_plus, layout_basic
D:2:      layout_basic, hangedman_feature_mirror, minmay_unequal
D:3:      layout_loops_ring, mainiacjoe_overflow_24_doors,
          nicolae_dithmenos_shadow_blocks,
          dreamdust_ecumenical_altar_drowned_temple
D:4:      layout_loops_ring, hangedman_decor_growths, uniq_blork_the_orc
D:5:      layout_rooms, old_standard_altar, temple_pool_b
D:6:      layout_loops_ring, mainiacjoe_overflow_catwalk,
          mainiacjoe_overflow_chevrons, serial_shops, kennysheep_mini
D:7:      layout_loops_ring, uniq_joseph, uniq_crazy_yiuf_cottage, uniq_duvessa
Temple:   hellmonk_temple_of_storms

Skill      XL: |  1  2  3  4  5  6  7 |
---------------+----------------------+-----
Staves         | 1 2 3 4 |  4.3
Fighting       | 4 5 6 7 |  7.2
Ice Magic      | 1 |  1.0
Long Blades    | |  2.1
Armour         | |  3.0
Dodging        | |  0.6
Shields        | |  3.0
Spellcasting   | |  0.5
Conjurations   | |  0.2

Action                     |  1- 3 |  4- 6 |  7- 9 || total
---------------------------+-------+-------+-------++-------
  Melee: Long sword        |    11 |       |       ||    11
         Staff             |   148 |   333 |   230 ||   711
   Cast: Freeze            |       |       |    12 ||    12
  Evoke: Wand              |       |     2 |     3 ||     5
    Use: Potion            |     1 |     5 |    11 ||    17
         Scroll            |       |     4 |    10 ||    14
 Armour: Scale mail        |    17 |       |       ||    17
         Leather armour    |    28 |    79 |    89 ||   196
  Dodge: Dodged            |    64 |   154 |    84 ||   302
  Block: Buckler           |    27 |    60 |    55 ||   142

Table legend: (Time is in decaauts)
 A = Elapsed time spent in this place.
 B = Non-inter-level travel time spent in this place.
 C = Inter-level travel time spent in this place.
 D = Time resting spent in this place.
 E = Time spent auto-exploring this place.
 F = Levels seen in this place.
 G = Mean time per level.
                   A        B        C        D        E       F      G
               +--------+--------+--------+--------+--------+-----+--------+
         Total |   9669 |   9505 |    164 |   4697 |   2729 |   8 | 1208.6 |
       Dungeon |   9640 |   9476 |    164 |   4697 |   2729 |   7 | 1377.1 |
        Temple |     28 |     28 |      0 |      0 |      0 |   1 |   28.0 |
               +--------+--------+--------+--------+--------+-----+--------+

Top non-repeatable levels by time:
     D:4: 2533 daAuts
     D:5: 1719 daAuts
     D:6: 1552 daAuts
     D:2: 1383 daAuts
     D:3: 1022 daAuts
     D:1: 984 daAuts
     D:7: 445 daAuts
  Temple: 28 daAuts
